Map: Stasis LE

Players

shked

  • Race: Protoss Protoss
  • League: Gold
  • Spawn Location: 1:00

Yocto - Winner!

  • Race: Zerg Zerg
  • Spawn Location: 11:00

VOD

Have the link to the VOD?

Description

Time

  • Played on: Dec. 19, 2018, 9:31 a.m.
  • Length: 41:12
Show
View Real Time Build Order
Export as new Build Order

shked Protoss 

Build Orders: Phoenix Opening 

Get SALT Encoding   

  12  0:01  Probe  
  13  0:17  Probe  
  13  0:19  Pylon  
  14  0:25  Probe  
  15  0:39  Probe  
  16  0:43  Gateway  
  16  0:54  Assimilator  
  16  1:02  Probe  
  16  1:10  Probe  
  18  1:38  Cybernetics Core  
  18  1:40  Pylon  
  18  1:46  Nexus  
  18  1:53  Probe  
  19  2:05  Probe  
  19  2:06  Assimilator  
  20  2:17  Probe  
  20  2:22  Gateway  
  21  2:29  Probe  
  22  2:33  Pylon  
  22  2:42  Probe  
  22  2:51  Gateway  
  22  2:54  Probe  
  23  3:01  Probe  
  24  3:09  Stargate  
  24  3:11  Probe  
  25  3:13  Probe  
  27  3:20  Adept  
  27  3:28  Protoss Air Weapons Level 1  
  27  3:29  Probe  
  28  3:35  Probe, Stalker  
  28  3:41  Probe  
  32  3:50  Phoenix  
  34  3:59  Probe x2  
  36  4:04  Pylon  
  36  4:18  Probe  
  36  4:23  Robotics Facility  
  37  4:45  Fleet Beacon  
  37  4:48  Stargate  
  37  4:51  Probe x2  
  39  4:54  Assimilator  
  39  4:58  Assimilator  
  39  5:00  Shield Battery  
  39  5:06  Forge  
  39  5:13  Void Ray  
  41  5:37  Probe x2  
  41  5:41  Carrier  
  49  5:59  Probe x2  
  51  6:07  Carrier  
  51  6:11  Probe  
  58  6:23  Protoss Air Weapons Level 2  
  58  6:43  Shield Battery  
  58  6:44  Photon Cannon  
Show
View Real Time Build Order
Export as new Build Order

Yocto Zerg - Winner!

Build Orders: Hatch First 

Get SALT Encoding   

  12  0:01  Drone  
  13  0:16  Overlord  
  13  0:19  Drone  
  14  0:38  Drone x2  
  14  0:40  Drone  
  17  1:00  Hatchery  
  17  1:01  Drone  
  17  1:03  Drone  
  18  1:07  Extractor  
  17  1:25  Spawning Pool  
  16  1:26  Drone  
  16  1:28  Drone  
  19  1:32  Drone  
  19  1:53  Overlord  
  19  1:55  Drone  
  20  2:10  Drone  
  21  2:15  Hatchery  
  21  2:22  Zergling x4  
  22  2:28  Queen  
  24  2:33  Metabolic Boost  
  24  2:40  Queen  
  26  2:52  Drone x3  
  29  3:03  Overlord  
  29  3:06  Drone x3  
  32  3:24  Drone x3  
  35  3:27  Queen  
  37  3:35  Lair  
  37  3:38  Drone x3  
  40  3:42  Drone x2  
  42  3:50  Drone x3  
  45  4:03  Roach Warren  
  45  4:04  Drone x4  
  45  4:06  Extractor  
  45  4:09  Extractor  
  46  4:18  Queen  
  48  4:25  Spore Crawler  
  48  4:29  Drone x3  
  50  4:33  Overlord x3  
  50  4:45  Extractor  
  49  4:51  Spore Crawler  
  48  5:01  Hydralisk Den  
  48  5:07  Drone x3  
  48  5:09  Drone x3  
  48  5:13  Drone  
  54  5:15  Glial Reconstitution  
  54  5:20  Drone  
  56  5:21  Drone x3  
  58  5:35  Muscular Augments  
  58  5:37  Overlord x2  
  58  5:38  Overlord x3  
  58  5:48  Overseer  
  58  5:52  Overlord x4  
  58  5:55  Queen x2  
  62  6:02  Drone x7  
  62  6:03  Drone  
  70  6:06  Extractor  
  70  6:08  Extractor  
  70  6:09  Drone x3  
  70  6:10  Drone  
  72  6:25  Roach x6  
  84  6:26  Roach  
  86  6:35  Hydralisk x3  
  92  6:45  Pneumatized Carapace  
  92  7:16  Overlord x3  
  92  7:24  Zergling x22  
  92  7:25  Zergling x8  
  92  7:32  Zergling x2  
  92  7:38  Hatchery  
  92  7:46  Baneling Nest  
  92  7:47  Zergling x2  
  92  7:48  Zergling x20  
  92  7:54  Zergling x4  
  92  8:01  Zergling x4  
  92  8:12  Zergling x12  
  92  8:13  Zergling x8  
  92  8:25  Zergling x2  
  92  8:26  Zergling x4  
  92  8:27  Zergling x2  
  92  8:28  Zergling x2  
  92  8:36  Baneling x2  
  92  8:37  Baneling x6  
  92  8:38  Baneling x4  
  92  8:39  Baneling x6  
  92  8:40  Baneling x5  
  92  8:41  Baneling  
  92  8:44  Baneling x4  
  92  8:47  Zergling x4  
  92  8:48  Zergling x14  
  92  8:49  Zergling x4  
  92  10:18  Baneling  
  92  10:19  Baneling x27  
  92  10:20  Baneling x4  
  92  10:25  Roach x10  
  92  10:26  Roach x3  
  92  10:27  Overlord x3  
  92  10:28  Overlord x2  
  92  10:45  Roach x9  
  92  10:55  Roach  
  92  10:56  Roach x2  
  92  11:13  Ravager x6  
  92  11:14  Ravager x6  
  92  11:21  Ravager x6  
  92  11:22  Ravager x2  
Tags
 
League
Gold
Matchup
PvZ
Replay Pack
Yocto
Spawn Locations
Close Positions
Add a new tag
Caveats
  • Supply blocks, unpowered buildings, or Contaminate may cause inaccurate times.
  • Supply counts are checked every 10 seconds.